 Dungeon Crawl Stone Soup version 0.31.0-11-ge490571c62 (webtiles) character file.

Game seed: 840093455481773913

118 SmokeWeed the Sneak (level 5, -1/31 HPs)
             Began as an Octopode Enchanter on Feb 3, 2024.
             Incinerated by a bombardier beetle (3 damage)
             ... with a burning spray
             ... on level 4 of the Dungeon.
             The game lasted 00:05:08 (2251 turns).

SmokeWeed the Sneak (Octopode Enchanter)            Turns: 2251, Time: 00:05:09

Health: -1/31      AC:  1    Str:  8    XL:     5   Next: 2%
Magic:  3/8        EV: 13    Int: 17    God:
Gold:   118        SH:  0    Dex: 14    Spells: 3/8 levels left

rFire   . . .        a - +1 dagger
rCold   + . .        (no shield)
rNeg    . . .        (helmet restricted)
rPois   .            (no amulet)
rElec   .            k - ring of protection from cold
rCorr   .            (no ring)
SInv    .            (no ring)
Will    .....        (no ring)
Stlth   ++           (no ring)
HPRegen 0.25/turn    (no ring)
MPRegen 0.11/turn    (no ring)
                     (no ring)

%: no passive effects
@: on fire, glowing
A: almost no armour, amphibious, 8 rings, camouflage 1, gelatinous body 1,
(nimble swimmer 1), tentacles
a: no special abilities


You were on level 4 of the Dungeon.
You visited 1 branch of the dungeon, and saw 4 of its levels.

You collected 118 gold pieces.

Inventory:

Hand Weapons
 a - a +1 dagger (weapon)
Jewellery
 k - a ring of protection from cold (left tentacle)
Wands
 f - a wand of paralysis (8)
Scrolls
 c - a scroll of revelation
 h - 2 scrolls of enchant armour
 o - 2 scrolls of amnesia
 p - a scroll of fear
Potions
 b - 2 potions of invisibility
 d - 2 potions of enlightenment
 g - 3 potions of haste
 i - a potion of brilliance {unknown}
 j - a potion of attraction {unknown}
 l - a potion of curing {unknown}
 m - a potion of lignification {unknown}


   Skills:
 + Level 0.2 Fighting
 + Level 1.5 Short Blades
 + Level 2.2 Dodging
 + Level 5.8 Stealth
 + Level 2.3 Spellcasting
 + Level 3.7 Hexes
 * Level 1.1 Ice Magic


You had 3 spell levels left.
You knew the following spells:

 Your Spells              Type           Power      Damage    Failure   Level
a - Ensorcelled Hibernat  Hex/Ice        20%        N/A       11%         2
b - Tukima's Dance        Hex            14%        N/A       12%         3

Your spell library contained the following spells:

 Spells                   Type           Power      Damage    Failure   Level
 Confusing Touch          Hex            14%        N/A       12%         3
 Dazzling Flash           Conj/Hex       16%        N/A       26%         3
 Mercury Vapours          Alch/Air       2%         N/A       28%         2
 Mephitic Cloud           Conj/Alch/Air  1%         N/A       50%         3
 Freezing Cloud           Conj/Ice/Air   1%         6-21      99%         5


Dungeon Overview and Level Annotations

Branches:
Dungeon (4/15)
 Temple: D:4-7

Altars:
Vehumet
Xom

Shops:
D:1 [


Innate Abilities, Weirdness & Mutations

You cannot wear most types of armour.
You are amphibious.
You can wear up to eight rings at the same time.
Your skin changes colour to match your surroundings (Stealth+).
Your rubbery body absorbs attacks. (AC +1, EV +1)
((You are camouflaged when in or above water. (Stealth+)))
You have tentacles for arms and can constrict up to eight enemies at once.


Message History

You are even more covered in liquid fire!
Casting: Ensorcelled Hibernation (safe; 12% risk of failure)
Confirm with . or Enter, or press ? or * to list all spells.
Aiming: Ensorcelled Hibernation (safe; 12% risk of failure)
Press: ? - help, Shift-Dir - straight line, f/p - bombardier beetle
Aim: a bombardier beetle (almost dead, constricted by you, not susceptible)
Okay, then.
You hit the bombardier beetle but do no damage.
Your squeeze misses the bombardier beetle.
The bombardier beetle is almost dead.
The liquid fire burns you!
You constrict the bombardier beetle.
You hit the bombardier beetle but do no damage.
The bombardier beetle is almost dead.
The liquid fire burns you!
You constrict the bombardier beetle.
You kill the bombardier beetle!
Your Ice Magic skill increases to level 1!
You have reached level 5!
You feel stronger.
You are on fire!
You are on fire!
You are on fire!
The liquid fire burns you! The liquid fire burns you!
The liquid fire burns you!
* * * LOW HITPOINT WARNING * * *
The liquid fire burns you!
* * * LOW HITPOINT WARNING * * *
You feel much better. The liquid fire burns you! The liquid fire burns you!
The liquid fire burns you!
* * * LOW HITPOINT WARNING * * *
The liquid fire burns you!
* * * LOW HITPOINT WARNING * * *
The liquid fire burns you!
* * * LOW HITPOINT WARNING * * *
The liquid fire burns you!
You die...

........#.#
#........
##......#.#
#........
#.........# ....
#.......#.#
#.......#.#
#.####...######.
.. ##.........
##.#######
#@...# #†##.#
... # $....
#...... #......#
#......#
#......#


There were no monsters in sight!

Vanquished Creatures
  A bombardier beetle (D:4)
  Jessica (D:2)
  An adder (D:2)
  A dart slug (D:1)
  5 orcs (D:3)
  4 endoplasms
  2 giant cockroaches
  4 goblins
  A hobgoblin (D:1)
  2 jackals (D:2)
  2 quokkas
  5 ball pythons
  3 bats
  A frilled lizard (D:3)
  6 kobolds
  4 rats
43 creatures vanquished.

Notes
Turn   | Place    | Note
-------+----------+-------------------------------------------
     0 | D:1      | SmokeWeed the Octopode Enchanter began the quest for the
                  | Orb.
     0 | D:1      | Reached XP level 1. HP: 11/11 MP: 3/3
    86 | D:1      | Reached XP level 2. HP: 17/17 MP: 5/5
    89 | D:1      | Learned a level 2 spell: Ensorcelled Hibernation
   119 | D:1      | Found Uwkugeek's Antique Armour Shoppe.
   801 | D:2      | Reached XP level 3. HP: 12/21 MP: 1/6
   904 | D:2      | Noticed Jessica
   910 | D:2      | Killed Jessica
   911 | D:2      | Reached skill level 5 in Stealth
  1114 | D:2      | Reached XP level 4. HP: 27/27 MP: 7/7
  1728 | D:3      | Found a shimmering altar of Xom.
  1729 | D:3      | Found a radiant altar of Vehumet.
  2204 | D:4      | Learned a level 3 spell: Tukima's Dance
  2242 | D:4      | Reached skill level 1 in Ice Magic
  2242 | D:4      | Reached XP level 5. HP: 17/31 MP: 2/8
  2245 | D:4      | HP: 1/31 [burnt (6)]
  2251 | D:4      | Incinerated by a bombardier beetle

Illustrated notes

Levels and vault maps discovered:
D:1:      minmay_arrival_plants_in_alcoves, layout_basic, serial_shops, shop,
          serial_curves, eino_curves_03, eino_curves_02
D:2:      layout_basic, uniq_jessica
D:3:      layout_loops_ring, nicolae_overflow_two_pavilions
D:4:      layout_basic

Skill      XL: |  1  2  3  4 |
---------------+-------------+-----
Stealth        | 5 |  5.8
Ice Magic      | 1 |  1.1
Fighting       | |  0.2
Short Blades   | |  1.5
Dodging        | |  2.2
Spellcasting   | |  2.3
Hexes          | |  3.7

Action                     |  1- 3 |  4- 6 || total
---------------------------+-------+-------++-------
  Melee: Dagger            |    42 |    40 ||    82
         Constrict         |     9 |     8 ||    17
         Tentacles         |     8 |     7 ||    15
   Cast: Ensorcelled Hiber |     2 |     7 ||     9
    Use: Scroll            |     6 |     3 ||     9
         Potion            |       |     3 ||     3
   Stab: Sleeping          |    13 |     6 ||    19
 Armour: Skin              |    17 |    14 ||    31
  Dodge: Dodged            |    12 |    19 ||    31
